 Seeded DCSS version 0.30.1-4-g462c640d31 (webtiles) character file.

Game seed: 6351066067085065685 (custom seed)

505 Esekla the Grave Robber (level 6, -1/32 HPs)
             Began as a Deep Elf Necromancer on Aug 19, 2023.
             Was an Initiate of Vehumet.
             Killed from afar by a white imp (8 damage)
             ... with a puff of frost
             ... on level 6 of the Dungeon.
             The game lasted 00:16:00 (3132 turns).

Esekla the Grave Robber (Deep Elf Necromancer)      Turns: 3132, Time: 00:16:01

Health: -1/32      AC:  4    Str:  5    XL:     6   Next: 96%
Magic:  16/16      EV: 14    Int: 22    God:    Vehumet [......]
Gold:   237        SH:  0    Dex: 15    Spells: 12/16 levels left

rFire   . . .        a - +2 dagger (vamp)
rCold   . . .        (no shield)
rNeg    . . .        x - +0 robe
rPois   .            h - +0 helmet
rElec   .            (no cloak)
rCorr   .            j - +0 pair of gloves
SInv    .            (no boots)
Will    .....        u - amulet of magic regeneration
Stlth   +++          (no ring)
HPRegen 0.25/turn    (no ring)
MPRegen 0.55/turn

%: no passive effects
@: no status effects
A: no striking features
a: Renounce Religion


You were on level 6 of the Dungeon.
You worshipped Vehumet.
Vehumet was noncommittal.
You visited 1 branch of the dungeon, and saw 6 of its levels.

You collected 237 gold pieces.

Inventory:

Hand Weapons
 a - a +2 vampiric dagger (weapon)
 r - a +0 trident
 s - the +5 rapier of the Hero {heavy, rN+ Dex+3}
   (You found it on level 3 of the Dungeon)

   Dex:       It affects your dexterity (+3).
   rN:        It protects you from negative energy.
Armour
 h - a +0 helmet (worn)
 j - a +0 pair of gloves (worn)
 x - a +0 robe (worn)
Jewellery
 u - an amulet of magic regeneration (around neck)
Wands
 c - a wand of roots (9)
 y - a wand of flame (13)
Scrolls
 e - 2 scrolls of fear {unknown}
 l - a scroll of enchant armour {unknown}
 m - 2 scrolls of amnesia {unknown}
 n - a scroll of immolation {unknown}
 p - 2 scrolls of blinking {unknown}
 q - 5 scrolls of identify {unknown}
 t - a scroll of fog {unknown}
 w - a scroll of magic mapping {unknown}
 z - 2 scrolls of enchant weapon {unknown}
 B - a scroll of silence {unknown}
Potions
 b - a potion of magic
 d - a potion of ambrosia {unknown}
 f - a potion of haste {unknown}
 g - a potion of mutation {unknown}
 i - 2 potions of curing {unknown}
 k - 2 potions of attraction {unknown}
 o - 3 potions of brilliance {unknown}
 v - a potion of lignification {unknown}
 A - 2 potions of heal wounds {unknown}


   Skills:
 + Level 2.3 Short Blades
 * Level 5.0 Dodging
 + Level 3.9 Stealth
 * Level 5.6 Spellcasting
 * Level 6.5 Necromancy


You had 12 spell levels left.
You knew the following spells:

 Your Spells              Type           Power      Damage    Failure   Level
a - Necrotise             Necr           100%       1d9       1%          1
d - Vampiric Draining     Necr           34%        2d8       1%          3

Your spell library contained the following spells:

 Spells                   Type           Power      Damage    Failure   Level
 Animate Dead             Necr           34%        N/A       6%          4
 Lesser Beckoning         Tloc           12%        N/A       14%         2
 Agony                    Necr           34%        N/A       19%         5
 Gell's Gravitas          Tloc           6%         N/A       28%         3
 Spider Form              Tmut/Pois      6%         N/A       28%         3
 Teleport Other           Tloc           6%         N/A       28%         3
 Cause Fear               Hex            3%         N/A       67%         4
 Summon Mana Viper        Hex/Summ       6%         N/A       95%         5


Dungeon Overview and Level Annotations

Branches:
Dungeon (6/15)
 Temple: D:4-7

Altars:
Dithmenos
Hepliaklqana
Okawaru
Qazlal
Trog
Vehumet
Zin
The Shining One

Shops:
D:2 =   D:4 (


Message History

You hit the white imp but do no damage. The white imp gestures at you.
The puff of frost hits you!
You barely miss the white imp. The white imp completely misses you.
You hit the white imp but do no damage. The white imp gestures at you.
The puff of frost hits you!
Casting: Vampiric Draining (safe; 1% risk of failure)
Confirm with . or Enter, or press ? or * to list all spells.
Okay, then.
Aiming: Throw Flame
Press: ? - help, Shift-Dir - straight line, f - white imp
Aim: a white imp (68% to hit)
The puff of flame hits the white imp!
The white imp is burned terribly!
The white imp is almost dead.
The white imp completely misses you.
You completely miss the white imp.
The white imp is almost dead.
The white imp barely misses you.
You hit the white imp but do no damage.
The white imp is almost dead.
The white imp barely misses you.
You completely miss the white imp.
The white imp is almost dead.
You completely miss the white imp.
The white imp is almost dead.
The white imp gestures at you. The puff of frost hits you.
You barely miss the white imp.
The white imp is almost dead.
The white imp closely misses you.
You hit the white imp but do no damage.
The white imp is almost dead.
The white imp hits you. The white imp freezes you.
* * * LOW HITPOINT WARNING * * *
You hit the white imp but do no damage.
The white imp is almost dead.
The white imp gestures at you. The puff of frost hits you!
You die...

#.#.........#
#.##.......##
#.........##
###........#
#..##.#..#
#.)#..#..#
..........##..#
####.#........#
..#.......@##
...###....#..5..#
.## .###.#.....#
# #.#.......
.#......##
#<.......
###.#####. .#


You could see a white imp.

Vanquished Creatures
  An ice beast (D:6)
  2 scorpions (D:5)
  A gnoll bouda (D:4)
  A hound (D:3)
  2 iguanas (D:5)
  A sleepcap (D:5)
  2 gnolls (D:5)
  6 adders
  A white imp (D:5)
  3 dart slugs
  10 orcs
  6 ball pythons
  4 endoplasms
  7 goblins
  4 hobgoblins
  A quokka (D:1)
  4 bats
  4 frilled lizards
  5 kobolds
  A rat (D:2)
66 creatures vanquished.

Notes
Turn   | Place    | Note
-------+----------+-------------------------------------------
     0 | D:1      | Esekla the Deep Elf Necromancer began the quest for the
                  | Orb.
     0 | D:1      | Reached XP level 1. HP: 10/10 MP: 6/6
   148 | D:1      | Reached skill level 5 in Necromancy
   342 | D:4      | Found a glowing silver altar of Zin.
   353 | D:4      | Found an iron altar of Okawaru.
   364 | D:4      | Found a radiant altar of Vehumet.
   515 | D:3      | Reached XP level 2. HP: 14/15 MP: 8/8
   830 | D:3      | Identified the +5 rapier of the Hero {heavy, rN+ Dex+3}
   848 | D:2      | Found Renulab's Jewellery Shop.
  1021 | D:2      | Noticed a black bear
  1131 | D:2      | Reached XP level 3. HP: 19/19 MP: 9/9
  1135 | D:2      | Learned a level 3 spell: Vampiric Draining
  1238 | D:3      | Found a stormy altar of Qazlal.
  1276 | D:3      | Reached skill level 1 in Short Blades
  1276 | D:3      | Reached XP level 4. HP: 18/24 MP: 2/11
  1297 | D:3      | Found a hazy altar of Hepliaklqana.
  1299 | D:3      | Found a bloodstained altar of Trog.
  2113 | D:4      | Became a worshipper of Vehumet
  2130 | D:5      | Entered Level 5 of the Dungeon
  2184 | D:5      | Reached XP level 5. HP: 23/28 MP: 13/13
  2191 | D:5      | Found a shadowy altar of Dithmenos.
  2220 | D:5      | Got the Parchment of the Lumpy Olives
  2330 | D:5      | Reached skill level 6 in Necromancy
  2387 | D:5      | Reached XP level 6. HP: 19/32 MP: 6/14
  2500 | D:4      | Found Ponaysk's Antique Weapon Boutique.
  2723 | D:4      | Found a glowing golden altar of the Shining One.
  2852 | D:5      | Reached skill level 5 in Spellcasting
  3016 | D:6      | Noticed an ice beast
  3036 | D:6      | Killed an ice beast
  3037 | D:6      | Reached skill level 5 in Dodging
  3132 | D:6      | Killed from afar by a white imp

Illustrated notes

Levels and vault maps discovered:
D:1:      sevenhm_arrival_forest_fort_small_3, layout_rooms,
          chequers_serial_rivers_room_b, minmay_misc_feat_five
D:2:      layout_loops_ring, dreamdust_ecumenical_altar_angels_and_demons,
          serial_shops, shop
D:3:      layout_basic, grunt_temple_overflow_open, minmay_misc_feat_iff
D:4:      layout_basic, nicolae_overflow_quartered_altars, serial_shops,
          nicolae_diamond_shop
D:5:      layout_loops_ring, lemuel_doored_altar, minmay_misc_feat_rows,
          dreamdust_wishing_well
D:6:      layout_loops_cross, fedhas_altar_fruit_tree,
          minmay_temple_entry_glass, uniq_pikel, uniq_blork_the_orc

Skill      XL: |  1  2  3  4  5  6 |
---------------+-------------------+-----
Necromancy     | 5 6 |  6.5
Dodging        | 3 4 5 |  5.0
Short Blades   | 1 2 |  2.3
Stealth        | 3 |  3.9
Spellcasting   | 4 5 |  5.6

Action                     |  1- 3 |  4- 6 || total
---------------------------+-------+-------++-------
  Melee: Short sword       |    43 |       ||    43
         Unarmed           |     9 |       ||     9
         Rapier            |    14 |    42 ||    56
         Dagger            |       |    61 ||    61
         Punch             |       |     2 ||     2
   Cast: Vampiric Draining |     3 |    22 ||    25
  Evoke: Wand              |       |     2 ||     2
   Stab: Sleeping          |     4 |     9 ||    13
 Armour: Robe              |    23 |    25 ||    48
  Dodge: Dodged            |    59 |    81 ||   140
